 Dungeon Crawl Stone Soup version 0.24-a0-235-g3f03afcf10 (webtiles) character file.

Game seed: 4453416624501600902

116475 CedricTheThird the Severer (level 16, -12/109 HPs)
             Began as a Demonspawn Gladiator on Apr 9, 2019.
             Was a Follower of Uskayaw.
             Mangled by a cyan very ugly thing (16 damage)
             ... on level 15 of the Dungeon.
             The game lasted 01:34:30 (23807 turns).

CedricTheThird the Severer (Demonspawn Gladiator)  Turns: 23807, Time: 01:34:31

Health: -12/109    AC: 23    Str: 24    XL:     16   Next: 21%
Magic:  0/28       EV:  9    Int: 13    God:    Uskayaw [*.....]
Gold:   2337       SH: 11    Dex: 17    Spells: 15/15 levels left

rFire    + . .     SeeInvis +   B - +9 broad axe
rCold    . . .     Gourm    .   o - +2 shield
rNeg     . . .     Faith    .   p - +3 plate armour
rPois    .         Spirit   +   (helmet unavailable)
rElec    .         Reflect  .   A - scarf {Spirit}
rCorr    .         Harm     .   y - +1 pair of gloves
MR       +....                  i - +1 pair of boots
Stlth    ..........             m - amulet of regeneration
HPRegen  0.68/turn              a - ring of stealth
MPRegen  0.21/turn              G - +3 ring of intelligence

@: mighty
A: antennae 3, fire resistance 1, mutation resistance 1, spiny 2, augmentation
1, flame cloud immunity, sturdy frame 2
a: Stomp, Renounce Religion


You were on level 15 of the Dungeon.
You worshipped Uskayaw.
Uskayaw was most pleased with you.
You were full.

You visited 7 branches of the dungeon, and saw 27 of its levels.
You also visited: Sewer and Ossuary.

You collected 2584 gold pieces.
You spent 247 gold pieces at shops.

Inventory:

Hand Weapons
 B - a +9 broad axe (weapon)
Missiles
 d - 7 throwing nets (quivered)
Armour
 i - a +1 pair of boots (worn)
 o - a +2 shield (worn)
 p - a +3 plate armour (worn)
 y - a +1 pair of gloves (worn)
 A - a scarf of spirit shield (worn)
Jewellery
 a - a ring of stealth (left hand)
 j - an uncursed ring of ice
 m - an amulet of regeneration (around neck)
 w - an uncursed amulet of rage
 G - a +3 ring of intelligence (right hand)
Wands
 v - a wand of scattershot (3)
 C - a wand of random effects (14)
 H - a wand of paralysis (6)
Scrolls
 b - 6 scrolls of amnesia
 c - 16 scrolls of remove curse
 e - 4 scrolls of identify
 g - 8 scrolls of magic mapping
 q - 3 scrolls of teleportation
 F - a scroll of enchant weapon
Potions
 h - 2 potions of lignification
 l - 5 potions of mutation
 n - 3 potions of might
 r - a potion of flight
 t - 3 potions of curing
 u - 2 potions of brilliance
 x - a potion of resistance
 z - 5 potions of magic
 E - a potion of haste
Comestibles
 f - 29 rations


   Skills:
 - Level 5.0 Fighting
 * Level 18.2 Axes
 - Level 1.7 Throwing
 + Level 12.4 Armour
 + Level 4.7 Dodging
 - Level 1.8 Shields
 + Level 17.8 Invocations


You had 15 spell levels left.
You didn't know any spells.
Your spell library contained the following spells:

 Spells                   Type           Power        Failure   Level  Hunger
 Confusing Touch          Hex            #.....       100%        1    ##.....
 Freeze                   Ice            #...         100%        1    ##.....
 Magic Dart               Conj           #...         100%        1    ##.....
 Sandblast                Erth           #.....       100%        1    ##.....
 Sting                    Conj/Pois      #...         100%        1    ##.....
 Passwall                 Tmut/Erth      #.......     100%        2    ###....
 Poisonous Vapours        Pois/Air       #.....       100%        2    ###....
 Throw Flame              Conj/Fire      #.....       100%        2    ###....
 Throw Frost              Conj/Ice       #.....       100%        2    ###....
 Confuse                  Hex            #.......     100%        3    ####...
 Gell's Gravitas          Tloc           #.........   100%        3    ####...
 Mephitic Cloud           Conj/Pois/Air  #.......     100%        3    ####...
 Ozocubu's Armour         Chrm/Ice       #.......     100%        3    ####...
 Stone Arrow              Conj/Erth      #.....       100%        3    ####...
 Cause Fear               Hex            #.........   100%        4    #####..
 Olgreb's Toxic Radiance  Pois           #.......     100%        4    #####..
 Petrify                  Tmut/Erth      #.......     100%        4    #####..
 Summon Ice Beast         Ice/Summ       #.......     100%        4    #####..
 Throw Icicle             Conj/Ice       #.......     100%        4    #####..
 Lee's Rapid Deconstruct  Erth           #.........   100%        5    ######.
 Lightning Bolt           Conj/Air       #.........   100%        5    ######.
 Metabolic Englaciation   Hex/Ice        #.........   100%        5    ######.
 Silence                  Hex/Air        #.........   100%        5    ######.
 Venom Bolt               Conj/Pois      #.........   100%        5    ######.
 Yara's Violent Unravell  Hex/Tmut       #.........   100%        5    ######.
 Deflect Missiles         Chrm/Air       #.........   100%        6    #######
 Iron Shot                Conj/Erth      #.........   100%        6    #######
 Discord                  Hex            #.........   100%        8    #######


Dungeon Overview and Level Annotations

Branches:
Dungeon (15/15)            Temple (1/1) D:5            Lair (6/6) D:10
  Swamp (1/4) Lair:2       Spider (1/4) Lair:2        Slime (0/5) Lair:6
    Orc (2/2) D:10            Elf (0/3) Orc:2        Vaults (0/5) D:13
 Depths (1/5) D:15

Altars:
Ashenzari
Cheibriados
Dithmenos
Elyvilon
Fedhas
Gozag
Hepliaklqana
Kikubaaqudgha
Makhleb
Nemelex Xobeh
Okawaru
Qazlal
Ru
Sif Muna
Trog
Uskayaw
Vehumet
Wu Jian
Xom
Yredelemnul
Zin
The Shining One
Beogh
Jiyva

Shops:
D:7 *   D:12 *   Orc:2 %[*   Depths:1 }

Portals:
Hell: Depths:1
Trove: D:12 (give +2 gold dragon scales)

Annotations:
D:10 3 runed translucent doors, kr4n3's ghost, novice DsFi
Lair:1 1 runed translucent door


Innate Abilities, Weirdness & Mutations

You have a pair of large antennae on your head. (SInv)
Your flesh is heat resistant. (rF+)
You are mostly covered in sharp spines.
Your magical and physical power is slightly enhanced at high health.
You are immune to clouds of flame.
Your movements are less encumbered by armour. (ER -4)
You are somewhat resistant to further mutation.


Message History

The cyan very ugly thing gores you! The cyan very ugly thing shocks you!!
* * * LOW HITPOINT WARNING * * *
You slice the cyan very ugly thing!!
The cyan very ugly thing is moderately wounded.
The cyan very ugly thing gores you!
* * * LOW HITPOINT WARNING * * *
The cyan very ugly thing shocks you!!
* * * LOW HITPOINT WARNING * * *
You closely miss the cyan very ugly thing.
The cyan very ugly thing is moderately wounded.
You block the cyan very ugly thing's attack.
Okay, then.
Okay, then.
You can no longer pass through a line of other dancers.
There is an open door here.
You block the cyan very ugly thing's attack.
The cyan very ugly thing gores you!
* * * LOW HITPOINT WARNING * * *
The cyan very ugly thing shocks you!!
You die...

............#.....#.....#........
....#########.....#.....#........
#...##.....##...###.....#....#..#
#...##.....##...#...†..########..
#...#...........#......# #..
....#...........'......# #..
....#####'###...#......# #..
#...#.......#####......# #####..
#####..........u@...#### #......
#...............# #......
#...............# #......
#...............# #......
#...............# #......
#.......###'##### #######
#.......#....# #...
#.......#....# #...
#..._...#....# #...


You could see a cyan very ugly thing.

Vanquished Creatures
  Kirke (D:12)
  A fire giant (D:15)
  A very ugly thing (D:15)
  The ghost of Execuda the Fighter, a journeyman OgBe of Trog (Lair:2)
  A dire elephant (Lair:1)
  Josephine (Orc:2)
  The ghost of Wuuth the Fighter, a journeyman DrIE of Vehumet (Lair:1)
  2 vault guards (D:13)
  2 catoblepae
  7 hydras
  4 centaur warriors
  Erica (D:10)
  8 two-headed ogres
  An ogre mage (D:15)
  Urug (Lair:1)
  2 deep troll earth magi (Depths:1)
  3 tengu warriors (D:15)
  The ghost of Yntealyr the Zephyrmancer, a journeyman SpAE of Kikubaaqudgha (Lair:1)
  Nergalle (D:12)
  5 orc high priests
  Sonja (D:13)
  An unseen horror (D:15)
  8 skeletal warriors
  An unseen horror (shapeshifter) (D:11)
  2 deep trolls (Depths:1)
  6 orc knights
  A wolf spider zombie (D:14)
  3 wolf spiders
  16 ugly things
  5 orc sorcerers
  An oklob plant (Lair:4)
  A manticore (D:15)
  10 elephants
  2 cyclopes
  A torpor snail (Lair:4)
  5 black mambas
  A spriggan zombie (Depths:1)
  7 spiny frogs
  A gargoyle (D:14)
  2 rime drakes (Lair:1)
  A tengu conjurer (D:15)
  8 komodo dragons
  2 jumping spiders (Spider:1)
  8 hornets
  4 polar bears (Lair:6)
  A queen bee (D:10)
  7 trolls
  Grinder (D:6)
  6 slime creatures
  5 dream sheep
  13 blink frogs
  Prince Ribbit (D:7)
  10 hippogriffs
  4 flying skulls (D:9)
  A meliai zombie (D:14)
  13 spriggans (Lair:6)
  2 shadows (D:14)
  17 redbacks
  A vampire (D:15)
  Eustachio (D:6)
  5 hogs (D:12)
  14 wraiths
  4 tarantellas (Spider:1)
  6 wyverns
  A steam dragon (Lair:4)
  40 yaks
  9 humans (D:13)
  2 hungry ghosts (D:12)
  3 vampire mosquitoes (D:15)
  3 wargs (Orc:2)
  Edmund (D:6)
  A soldier ant (D:12)
  18 water moccasins
  2 acid dragons
  An ice beast (shapeshifter) (D:15)
  A hornet zombie (D:9)
  12 porcupines
  3 phantoms
  An eye of draining (D:12)
  2 necrophages
  6 ice beasts
  27 orc warriors
  3 sky beasts (D:10)
  3 black bears
  25 wolves
  3 boggarts (Lair:6)
  15 ogres
  10 crocodiles
  14 centaurs
  3 big kobolds
  24 bullfrogs
  A wyvern zombie (D:9)
  2 water moccasin zombies (D:9)
  A water moccasin skeleton (D:6)
  2 scorpions
  5 wights
  39 killer bees
  7 electric eels
  3 howler monkeys
  9 crimson imps
  4 bullfrog zombies
  4 centaur zombies
  11 hounds
  A human zombie (D:7)
  21 orc priests
  13 centaur skeletons
  3 jellies
  41 orc wizards
  2 bullfrog skeletons
  7 iguanas
  Ijyb (D:3)
  15 worker ants
  A big kobold zombie (Ossuary)
  A hound zombie (D:4)
  5 hound skeletons
  8 mummies (Ossuary)
  2 howler monkey zombies (D:9)
  A worker ant zombie (D:9)
  3 gnolls (Orc:2)
  22 adders
  2 howler monkey skeletons (D:9)
  4 river rats (Sewer)
  2 shadow imps
  A white imp (D:6)
  3 oozes
  3 adder skeletons
  2 adder zombies (D:9)
  4 worms
  3 dart slugs
  4 leopard geckos
  91 orcs
  13 ball pythons
  9 giant cockroaches
  7 hobgoblins
  23 jackals
  18 kobolds
  4 quokkas
  6 bats
  7 frilled lizards
  A gnoll zombie (D:7)
  9 goblins
  3 hobgoblin zombies (Ossuary)
  A jackal zombie (D:7)
  2 kobold skeletons (D:6)
  2 kobold zombies (D:6)
  6 orc zombies
  3 quokka skeletons
  A quokka zombie (D:9)
  29 rats
  A rat zombie (D:7)
  8 fungi
  7 plants
1002 creatures vanquished.

Vanquished Creatures (collateral kills)
  A worker ant (D:6)
1 creature vanquished.

Vanquished Creatures (others)
  A human (D:13)
  An electric eel (D:10)
  An orc (Orc:2)
  5 fungi
  16 plants
  4 toadstools (Lair:1)
28 creatures vanquished.

Grand Total: 1031 creatures vanquished

Notes
Turn   | Place    | Note
-------+----------+-------------------------------------------
     0 | D:1      | CedricTheThird the Demonspawn Gladiator began the quest for
                  | the Orb.
     0 | D:1      | Reached XP level 1. HP: 16/16 MP: 1/1
    57 | D:1      | Gained mutation: You are partially covered in sharp spines.
                  | [demonic ancestry]
    57 | D:1      | Reached XP level 2. HP: 14/23 MP: 2/2
  1445 | D:2      | Gained mutation: You are mostly covered in sharp spines.
                  | [demonic ancestry]
  1445 | D:2      | Reached XP level 3. HP: 24/29 MP: 3/3
  1575 | D:2      | Gained mutation: Your movements are slightly less
                  | encumbered by armour. (ER -2) [demonic ancestry]
  1575 | D:2      | Reached XP level 4. HP: 31/38 MP: 4/4
  2129 | D:3      | You fall through a shaft for 3 floors!
  2133 | D:6      | Noticed a phantom
  2138 | D:5      | Entered Level 5 of the Dungeon
  2142 | D:5      | Reached skill level 1 in Armour
  2142 | D:5      | Reached skill level 1 in Shields
  2142 | D:5      | Reached XP level 5. HP: 21/43 MP: 5/5
  2434 | D:5      | Found a staircase to the Ecumenical Temple.
  2446 | Temple   | Entered the Ecumenical Temple
  2462 | Temple   | Became a worshipper of Uskayaw the Reveler
  2747 | D:5      | Noticed a centaur
  2752 | D:5      | Reached * piety under Uskayaw
  2754 | D:5      | Reached ** piety under Uskayaw
  2759 | D:5      | Killed a centaur
  2759 | D:5      | Reached skill level 5 in Fighting
  2759 | D:5      | Gained mutation: You have a pair of small antennae on your
                  | head. [demonic ancestry]
  2759 | D:5      | Reached XP level 6. HP: 21/51 MP: 6/6
  2759 | D:5      | Reached *** piety under Uskayaw
  3054 | D:5      | Reached skill level 3 in Axes
  3320 | D:4      | Reached skill level 4 in Axes
  3463 | D:4      | Found a glowing drain.
  3492 | Sewer    | Entered a sewer
  3716 | Sewer    | Reached skill level 1 in Invocations
  3719 | Sewer    | Gained mutation: Your flesh is heat resistant. (rF+)
                  | [demonic ancestry]
  3719 | Sewer    | Reached XP level 7. HP: 31/56 MP: 7/7
  3729 | Sewer    | Reached **** piety under Uskayaw
  3739 | Sewer    | Reached ***** piety under Uskayaw
  3785 | Sewer    | Reached skill level 5 in Axes
  4521 | D:3      | Noticed Ijyb
  4541 | D:3      | Killed Ijyb
  4946 | D:4      | Reached skill level 6 in Axes
  5028 | D:6      | Reached XP level 8. HP: 59/62 MP: 11/11
  5074 | D:6      | Noticed Grinder
  5088 | D:6      | Paralysed by Grinder for 5 turns
  5101 | D:6      | Killed Grinder
  5101 | D:6      | Reached skill level 5 in Invocations
  5145 | D:6      | Reached skill level 7 in Axes
  5232 | D:6      | Noticed Eustachio
  5259 | D:6      | Your ally died
  5259 | D:6      | Reached skill level 8 in Axes
  5306 | D:6      | Found a sacrificial altar of Ru.
  5408 | D:6      | Gained mutation: You have a pair of antennae on your head.
                  | [demonic ancestry]
  5408 | D:6      | Reached XP level 9. HP: 68/68 MP: 14/14
  5495 | D:6      | Found a glowing golden altar of the Shining One.
  5497 | D:6      | Gained mutation: You are somewhat resistant to further
                  | mutation. [potion of mutation]
  5497 | D:6      | Gained mutation: You have a pair of large antennae on your
                  | head. (SInv) [potion of mutation]
  5518 | D:6      | Got a heavily runed leather armour
  5519 | D:6      | Identified the +3 leather armour of the Evening {Int+3}
                  | (You found it on level 6 of the Dungeon)
  5574 | D:6      | Noticed Edmund
  5587 | D:6      | Killed Edmund
  6053 | D:7      | Reached skill level 9 in Axes
  6090 | D:7      | Reached ****** piety under Uskayaw
  6206 | D:7      | Found a sand-covered staircase.
  6225 | Ossuary  | Entered an ossuary
  6515 | D:7      | Noticed Prince Ribbit
  6520 | D:7      | Killed Prince Ribbit
  6597 | D:7      | Found Sutiacs's General Store.
  6660 | D:8      | Reached XP level 10. HP: 68/74 MP: 16/16
  6663 | D:8      | Reached skill level 10 in Axes
  7792 | D:9      | Reached skill level 10 in Invocations
  7833 | D:9      | Reached skill level 5 in Armour
  7834 | D:9      | Noticed a skeletal warrior
  7840 | D:9      | Killed a skeletal warrior
  7840 | D:9      | Reached skill level 11 in Axes
  7950 | D:9      | Gained mutation: Your magical and physical power is
                  | slightly enhanced at high health. [demonic ancestry]
  7950 | D:9      | Reached XP level 11. HP: 64/79 MP: 18/18
  8324 | D:9      | Noticed a skeletal warrior
  8348 | D:9      | Killed a skeletal warrior
  8750 | D:9      | Reached skill level 12 in Axes
  9057 | D:10     | Entered Level 10 of the Dungeon
  9160 | D:10     | Noticed a two-headed ogre
  9175 | D:10     | Killed a two-headed ogre
  9415 | D:10     | Found a staircase to the Orcish Mines.
  9582 | D:10     | Found a staircase to the Lair.
  9854 | D:10     | Noticed Erica
  9874 | D:10     | Killed Erica
  9879 | D:10     | Found a runed translucent gate.
  9880 | D:10     | Found a runed translucent gate.
  9880 | D:10     | Found a runed translucent gate.
  9881 | D:10     | Noticed a nine-headed hydra
  9881 | D:10     | Noticed kr4n3's ghost (novice DsFi)
 10271 | D:10     | You fall through a shaft for 2 floors!
 10278 | D:12     | Found Tirphes's Demolitions Depot.
 10285 | D:12     | Found a portal to a secret trove of treasure.
 10290 | D:12     | Noticed a skeletal warrior
 10290 | D:12     | Noticed a skeletal warrior
 10363 | D:11     | Noticed a centaur warrior
 10374 | D:11     | Killed a centaur warrior
 10374 | D:11     | Reached XP level 12. HP: 49/86 MP: 21/21
 10424 | D:11     | Reached skill level 13 in Axes
 10728 | Lair:1   | Entered Level 1 of the Lair of Beasts
 11271 | Lair:1   | Noticed a catoblepas
 11271 | Lair:1   | Noticed a dire elephant
 11293 | Lair:1   | Found a runed translucent door.
 11411 | Lair:1   | Noticed Urug
 11722 | Lair:1   | Found a runed translucent gate.
 11722 | Lair:1   | Found a runed translucent gate.
 11736 | Lair:1   | Found a runed translucent gate.
 11738 | Lair:1   | Noticed Wuuth's ghost (journeyman DrIE)
 11738 | Lair:1   | Noticed Yntealyr's ghost (journeyman SpAE)
 11956 | Lair:2   | Found a runed translucent gate.
 11962 | Lair:2   | Found a runed translucent gate.
 11962 | Lair:2   | Found a runed translucent gate.
 11963 | Lair:2   | Noticed a 13-headed hydra
 11963 | Lair:2   | Noticed a 12-headed hydra
 11963 | Lair:2   | Noticed Execuda's ghost (journeyman OgBe)
 12139 | Lair:2   | Found a hole to the Spider Nest.
 12545 | Lair:1   | Killed Urug
 12808 | Lair:1   | Killed Yntealyr's ghost
 12816 | Lair:1   | Killed Wuuth's ghost
 12816 | Lair:1   | Reached skill level 14 in Axes
 13108 | Lair:2   | Found a staircase to the Swamp.
 13109 | Lair:2   | Noticed a five-headed hydra
 13849 | Lair:4   | Reached XP level 13. HP: 86/91 MP: 23/23
 14841 | Lair:5   | Reached skill level 15 in Axes
 15313 | Lair:6   | Entered Level 6 of the Lair of Beasts
 15331 | Lair:6   | Found a staircase to the Slime Pits.
 15332 | Lair:6   | Found a viscous altar of Jiyva.
 15653 | Lair:6   | Reached skill level 10 in Armour
 15724 | Lair:6   | Reached skill level 15 in Invocations
 15797 | Lair:6   | Gained mutation: You are immune to clouds of flame.
                  | [demonic ancestry]
 15797 | Lair:6   | Reached XP level 14. HP: 73/98 MP: 19/25
 15919 | Lair:6   | Paralysed by a hornet for 2 turns
 16535 | Lair:2   | Reached skill level 16 in Axes
 16575 | Lair:2   | Killed Execuda's ghost
 16736 | Lair:1   | Got a warped chain mail
 16741 | Lair:1   | Identified the +1 chain mail of Feasting {Int+2 SInv
                  | Stlth+} (You found it on level 1 of the Lair of Beasts)
 17636 | D:12     | Noticed Kirke
 17647 | D:12     | Killed Kirke
 17756 | D:12     | Noticed Nergalle
 17769 | D:12     | Killed Nergalle
 17931 | D:13     | Noticed Sonja
 18031 | D:13     | Killed Sonja
 18454 | D:13     | Found a gate to the Vaults.
 18571 | D:13     | Found a blossoming altar of Fedhas.
 18878 | D:14     | Identified Umilair's Compendium of Feathery Arcane Weapons
 18932 | D:14     | Reached XP level 15. HP: 75/103 MP: 18/27
 19248 | D:14     | Reached skill level 17 in Axes
 19666 | D:15     | Entered Level 15 of the Dungeon
 19723 | D:15     | Found a staircase to the Depths.
 19728 | D:15     | Noticed a fire giant
 20337 | D:15     | Found a blossoming altar of Fedhas.
 20413 | D:15     | Killed a fire giant
 21033 | Orc:1    | Entered Level 1 of the Orcish Mines
 21264 | Orc:2    | Entered Level 2 of the Orcish Mines
 21269 | Orc:2    | Noticed Josephine
 21277 | Orc:2    | Killed Josephine
 21278 | Orc:2    | Found a roughly hewn altar of Beogh.
 22108 | Orc:2    | Found a staircase to the Elven Halls.
 22124 | Orc:2    | Noticed an orc warlord
 22241 | Orc:2    | Reached skill level 18 in Axes
 22274 | Orc:2    | Found Udagegh's Magic Scroll Shoppe.
 22274 | Orc:2    | Found Pajaemp's Food Boutique.
 22276 | Orc:2    | Found Riudix's Antique Armour Shoppe.
 22276 | Orc:2    | Found Sejo's General Store.
 22284 | Orc:2    | Bought a bloodstained cloak for 247 gold pieces
 22285 | Orc:2    | Identified the +1 cloak "Qopreogu" {Int+3} (You bought it
                  | in a shop on level 2 of the Orcish Mines)
 22868 | Spider:1 | Entered Level 1 of the Spider Nest
 22875 | Spider:1 | Gained mutation: Your movements are less encumbered by
                  | armour. (ER -4) [demonic ancestry]
 22875 | Spider:1 | Reached XP level 16. HP: 82/109 MP: 20/28
 23042 | Swamp:1  | Entered Level 1 of the Swamp
 23222 | Depths:1 | Entered Level 1 of the Depths
 23384 | Depths:1 | Found a gateway to Hell.
 23403 | Depths:1 | Found a radiant altar of Vehumet.
 23497 | Depths:1 | Found an ornate altar of the Wu Jian Council.
 23497 | Depths:1 | Found a hide-covered altar of Uskayaw.
 23497 | Depths:1 | Found a shadowy altar of Dithmenos.
 23497 | Depths:1 | Found a shimmering altar of Xom.
 23497 | Depths:1 | Found a sacrificial altar of Ru.
 23629 | Depths:1 | Found Eskuvu's Gadget Emporium.
 23792 | D:15     | HP: 3/109 [cyan very ugly thing (21)]
 23807 | D:15     | HP: 4/109 [cyan very ugly thing (9)]
 23807 | D:15     | Mangled by a cyan very ugly thing

Levels and vault maps discovered:
D:1:      lemuel_arrival_room, layout_basic
D:2:      layout_basic, minivault_24
D:3:      layout_loops_cross, grunt_decor_one_mirror, uniq_ijyb
D:4:      layout_cave_pools, gup_sewer_entry_glass
D:5:      layout_basic, minmay_temple_entry_arrows, first_ration,
          minmay_misc_feat_room
D:6:      layout_loops_ring, marbit_many_paths, nicolae_tso_besieged_by_evil,
          uniq_eustachio, uniq_edmund, uniq_grinder
D:7:      layout_rooms, serial_shops, nicolae_shop_waterfront, enter_ossuary_3,
          uniq_prince_ribbit1
D:8:      minmay_flawed_box, layout_loops_ring
D:9:      hangedman_screamer, layout_long_grid
D:10:     layout_basic, erik_lair_island, gammafunk_ghost_hydra_chop,
          david_nohive_1, uniq_erica
D:11:     layout_basic
D:12:     layout_gridville, nicolae_trove_entry_crossroad,
          nicolae_blasting_shop, uniq_nergalle, uniq_kirke
D:13:     layout_irregular_city, ximxim_vaults_locker_room,
          fedhas_altar_fruit_tree, uniq_sonja
D:14:     layout_basic, kennysheep_two_boxes
D:15:     grunt_enter_depths_giant_problem, layout_gridville, basic_altar,
          serial_rivers, chequers_serial_rivers_marsh,
          chequers_serial_rivers_large_b, chequers_serial_rivers_room_a,
          chequers_serial_rivers_micro_e, minmay_fountain_box
Temple:   nicolae_temple_the_god_donut
Lair:1:   gammafunk_lair_enchanted_lake, layout_regular_city,
          gammafunk_ghost_cemetery, serial_bayou_shore_a, lemuel_fruit_tree,
          grunt_megastairs_5, uniq_urug
Lair:2:   layout_small_grid, minmay_swamp_entry_reptiles,
          spider_nest_entry_funnel_web, gammafunk_ghost_hydra_chop
Lair:3:   layout_misc_corridors
Lair:4:   layout_small_grid, chequers_serial_rivers_micro_a
Lair:5:   layout_regular_city
Lair:6:   minmay_lair_end_enchanted_forest, layout_loops_ring, slime_altar_1
Swamp:1:  layout_falls_marsh, hangedman_swamp_lotus
Spider:1: layout_spider_delve
Orc:1:    layout_caves
Orc:2:    grunt_orc_tribal_feast, layout_caves, basic_altar, uniq_josephine
Depths:1: layout_gridville, minmay_stone_trees_medium, hell_entry,
          doesnt_xom_only_xom, grunt_megastairs_2, minmay_shoptagon
Sewer:    sewer_minmay_w
Ossuary:  ossuary_tomb_3

Skill      XL: |  1  2  3  4  5  6  7  8  9 10 11 12 13 14 15 |
---------------+----------------------------------------------+-----
Fighting       | 3 4 5 |  5.0
Armour         | 1 3 5 7 8 10 11 12 | 12.4
Dodging        | 3 4 |  4.7
Shields        | 1 |  1.8
Axes           | 4 6 8 9 11 12 14 15 16 18 | 18.2
Invocations    | 1 4 6 9 10 12 13 15 16 17 | 17.8
Throwing       | |  1.7

Action                   |  1- 3 |  4- 6 |  7- 9 | 10-12 | 13-15 | 16-18 || total
-------------------------+-------+-------+-------+-------+-------+-------++-------
Melee: War axe           |    87 |   124 |   376 |   678 |       |       ||  1265
       Broad axe         |       |       |       |    69 |  1104 |    72 ||  1245
Invok: Stomp             |       |     2 |       |     2 |    11 |       ||    15
       Line Pass         |       |       |     1 |     1 |     5 |       ||     7
       Grand Finale      |       |       |       |     1 |     1 |       ||     2
Evoke: Wand              |       |       |     2 |    15 |    52 |     5 ||    74
  Use: Scroll            |       |       |    20 |    16 |    10 |     5 ||    51
       Potion            |       |       |    11 |    12 |     5 |     7 ||    35
 Stab: Sleeping          |       |     2 |       |       |       |       ||     2
       Paralysed         |       |     3 |    40 |    95 |   166 |     7 ||   311
       Confused          |       |       |     1 |       |       |       ||     1
       Distracted        |       |       |       |     1 |       |       ||     1
  Eat: Chunk             |     2 |     7 |     7 |    14 |    17 |       ||    47
       Ration            |       |       |     1 |     5 |     5 |     2 ||    13
Armor: Leather armour    |    25 |    17 |    11 |       |       |       ||    53
       Chain mail        |       |       |    83 |       |       |       ||    83
       Plate armour      |       |       |    64 |   282 |   540 |    50 ||   936
Dodge: Dodged            |    32 |    44 |    96 |   134 |   199 |    13 ||   518
Block: Shield            |    31 |    54 |   169 |   303 |   434 |    30 ||  1021

Table legend:
 A = Non-vault XP
 B = Vault XP
 C = Vault XP percentage of total XP
 D = Non-vault monster count
 E = Vault monster count
 F = Vault count percentage of total count
                 A         B        C        D         E       F
            +---------+---------+-------+---------+---------+-------
      Total |  111285 |   55108 |  33.1 |     707 |     281 |  28.4
            +---------+---------+-------+---------+---------+-------
        D:1 |      32 |       0 |   0.0 |      16 |       0 |   0.0
        D:2 |     107 |       0 |   0.0 |      31 |       0 |   0.0
        D:3 |      29 |      36 |  55.4 |      14 |       1 |   6.7
        D:4 |     514 |       4 |   0.8 |      20 |       2 |   9.1
        D:5 |     333 |       0 |   0.0 |      18 |       0 |   0.0
        D:6 |    1531 |     526 |  25.6 |      32 |      11 |  25.6
        D:7 |    1437 |     298 |  17.2 |      27 |       5 |  15.6
        D:8 |    2223 |     432 |  16.3 |      40 |      11 |  21.6
        D:9 |    2644 |    4416 |  62.5 |      42 |      32 |  43.2
       D:10 |    3785 |    2751 |  42.1 |      45 |      24 |  34.8
       D:11 |    2731 |       0 |   0.0 |      20 |       0 |   0.0
       D:12 |    7181 |    3917 |  35.3 |      37 |       7 |  15.9
       D:13 |    1931 |    4535 |  70.1 |      17 |      12 |  41.4
       D:14 |    9712 |    1151 |  10.6 |      29 |       3 |   9.4
       D:15 |   23740 |    1636 |   6.4 |      52 |       1 |   1.9
     Lair:1 |    2352 |    7381 |  75.8 |      11 |      13 |  54.2
     Lair:2 |    3944 |    5484 |  58.2 |      20 |      10 |  33.3
     Lair:3 |    2751 |       0 |   0.0 |      13 |       0 |   0.0
     Lair:4 |    8903 |       0 |   0.0 |      33 |       0 |   0.0
     Lair:5 |    7964 |       0 |   0.0 |      30 |       0 |   0.0
     Lair:6 |   10360 |    8196 |  44.2 |      32 |      44 |  57.9
   Spider:1 |    5540 |       0 |   0.0 |      22 |       0 |   0.0
      Orc:1 |    4252 |       0 |   0.0 |      59 |       0 |   0.0
      Orc:2 |    5154 |    9883 |  65.7 |      43 |      35 |  44.9
   Depths:1 |    2135 |    3936 |  64.8 |       4 |       6 |  60.0
      Sewer |       0 |     349 | 100.0 |       0 |      48 | 100.0
    Ossuary |       0 |     177 | 100.0 |       0 |      16 | 100.0
            +---------+---------+-------+---------+---------+-------
